 Dungeon Crawl Stone Soup version 0.27-a0-869-g165b36e3f0 (webtiles) character file.

Game seed: 17906639885415064328

9804 shoop the Grappler (level 11, -6/103 HPs)
             Began as a Demigod Transmuter on Apr 3, 2021.
             Mangled by a cane toad (12 damage)
             ... on level 1 of the Lair of Beasts.
             The game lasted 00:40:01 (16095 turns).

shoop the Grappler (Demigod Transmuter)            Turns: 16095, Time: 00:40:02

Health: -6/103     AC:  8    Str: 20 (21) XL:     11   Next: 7%
Magic:  22/24      EV: 11    Int: 23      God:
Gold:   479        SH:  0    Dex: 14      Spells: 9/22 levels left

rFire    x . .     SeeInvis .     - Unarmed
rCold    + + +     Faith    .   (shield currently unavailable)
rNeg     . . .     Spirit   .   (armour currently unavailable)
rPois    +         Reflect  .   (helmet currently unavailable)
rElec    .         Harm     .   (cloak currently unavailable)
rCorr    .         Rampage  .   (gloves currently unavailable)
Will     +....                  (boots currently unavailable)
Stlth    ++........             (no amulet)
HPRegen  0.27/turn              i - ring of wizardry
MPRegen  0.19/turn              t - +6 ring of strength

@: about to teleport, ice-form
A: freezing attack, amphibious, boosted hp, large, high mp 1, forlorn,
deterioration 1
a: End Transformation


You were on level 1 of the Lair of Beasts.
You were a creature of crystalline ice.
You visited 2 branches of the dungeon, and saw 12 of its levels.

You collected 479 gold pieces.

Inventory:

Hand Weapons
 p - the +8 dagger of Checkmate {freeze, +Fly rElec MP+9}
   (You found it on level 4 of the Dungeon)

   It has been specially enchanted to freeze those struck by it, causing extra
   injury to most foes and up to half again as much damage against particularly
   susceptible opponents.
   It can also slow down cold-blooded creatures.
   It insulates you from electricity.
   It affects your magic capacity (+9).
   It grants you flight.
 M - the +12 arbalest of Grandeur {speed, rElec Dex+2}
   (You found it on level 11 of the Dungeon)

   Attacks with this weapon are significantly faster.
   It affects your dexterity (+2).
   It insulates you from electricity.
Missiles
 c - 66 poisoned darts
 w - 7 boomerangs
 D - 2 throwing nets
 G - 3 boomerangs of dispersal
 N - 40 bolts
Armour
 a - a +0 robe
 m - a +0 pair of boots (melded)
 u - a +0 pair of gloves (melded)
 F - +0 acid dragon scales
 J - a +2 robe of cold resistance (melded)
 L - a +0 troll leather armour
Magical Staves
 K - a staff of cold (melded)
Jewellery
 g - a ring of poison resistance
 i - a ring of wizardry (left front paw)
 r - a ring of poison resistance
 t - a +6 ring of strength (right front paw)
 v - a ring of magical power
Wands
 k - a wand of iceblast (17)
 A - a wand of flame (11)
 I - a wand of charming (9)
Scrolls
 b - a scroll of magic mapping {unknown}
 e - a scroll of summoning {unknown}
 f - 4 scrolls of noise {unknown}
 j - 7 scrolls of teleportation
 l - a scroll of blinking {unknown}
 o - a scroll of fog
 y - 2 scrolls of fear {unknown}
 z - a scroll of enchant armour
 C - a scroll of amnesia
Potions
 d - a potion of haste
 h - a potion of mutation {unknown}
 n - 2 potions of heal wounds {unknown}
 q - a potion of invisibility
 s - a potion of brilliance
 x - 4 potions of lignification {unknown}
 B - 3 potions of attraction {unknown}
 E - 2 potions of curing
 H - a potion of ambrosia {unknown}


   Skills:
 - Level 5.1 Fighting
 + Level 1.5 Crossbows
 - Level 1.0 Throwing
 - Level 5.1 Dodging
 - Level 2.0 Stealth
 - Level 10.0 Unarmed Combat
 - Level 6.0 Spellcasting
 - Level 6.8 Transmutations
 - Level 4.0 Ice Magic
 - Level 1.0 Poison Magic
 - Level 3.0 Evocations


You had 9 spell levels left.
You knew the following spells:

 Your Spells              Type           Power      Damage    Failure   Level
a - Ice Form              Ice/Tmut       31%        N/A       3%          4
b - Hydra Form            Tmut           19%        N/A       6%          5
c - Spider Form           Tmut/Pois      12%        N/A       1%          3
d - Beastly Appendage     Tmut           76%        N/A       1%          1

Your spell library contained the following spells:

 Spells                   Type           Power      Damage    Failure   Level
 Wereblood                Tmut           38%        N/A       1%          2
 Animate Skeleton         Necr           12%        N/A       3%          1
 Apportation              Tloc           12%        N/A       3%          1
 Corona                   Hex            6%         N/A       3%          1
 Summon Small Mammal      Summ           24%        N/A       3%          1
 Call Imp                 Summ           6%         N/A       5%          2
 Slow                     Hex            6%         N/A       5%          2
 Call Canine Familiar     Summ           6%         N/A       11%         3
 Inner Flame              Hex/Fire       6%         N/A       11%         3
 Portal Projectile        Hex/Tloc       12%        N/A       11%         3
 Summon Guardian Golem    Hex/Summ       6%         N/A       11%         3
 Summon Ice Beast         Ice/Summ       16%        N/A       16%         4
 Cause Fear               Hex            3%         N/A       32%         4
 Leda's Liquefaction      Hex/Erth       3%         N/A       32%         4
 Summon Lightning Spire   Summ/Air       6%         N/A       32%         4


Dungeon Overview and Level Annotations

Branches:
Dungeon (11/15)              Lair (1/6) D:10
 Temple: D:4-7          Orc: D:9-12

Shops:
D:2 =

Annotations:
D:4 1 runed translucent door
D:5 Grinder, Pikel
D:11 exclusion: two-headed ogre


Innate Abilities, Weirdness & Mutations

You are a creature of crystalline ice.
You have a powerful freezing melee attack.
You are amphibious.
Your maximum health is increased.
Your armour is entirely melded.
You are incapable of wielding weapons or throwing items.
Your attributes grow dramatically as you level up.
You have an increased reservoir of magic. (+10% MP)
You shall have no god before yourself.
Your body sometimes deteriorates upon taking damage.


Message History

Your +0 pair of boots melds into your body.
Your +2 robe of cold resistance melds into your body.
You feel less resistant to cold.
You punch the cane toad! You freeze the cane toad.
The cane toad is moderately wounded.
The cane toad stings you!
You hit the cane toad.
The cane toad seems to slow down.
You freeze the cane toad.
The cane toad is heavily wounded.
You pummel the cane toad!! You freeze the cane toad.
You kill the cane toad!
You hear a loud, deep croak!
Your Crossbows skill increases to level 1!
A wolf comes into view.
The cane toad stings you!
The wolf howls!
You hit the cane toad. You freeze the cane toad.
The cane toad is moderately wounded.
The cane toad stings you!!
* * * LOW HITPOINT WARNING * * *
You punch the cane toad! You freeze the cane toad.
The cane toad is heavily wounded.
A wolf comes into view.
The wolf howls!
You hit the cane toad but do no damage.
The cane toad is heavily wounded.
The cane toad barely misses you.
You hit the cane toad but do no damage.
The cane toad is heavily wounded.
The cane toad stings you!
* * * LOW HITPOINT WARNING * * *
A wolf comes into view.
The wolf closely misses you.
As you read the scroll of teleportation, it crumbles to dust.
You feel strangely unstable.
The wolf howls!
The cane toad barely misses you.
A wolf comes into view.
The wolf closely misses you. The cane toad stings you!
You die...

.............F....
#................
#................
.##................
.P.......#######...
.P......## ..
P.......# .
.##....F# #....Y#
#....h# #......#
##....h. ........
.........h
..........
.........h.


You could see a cane toad and 4 wolves.

Vanquished Creatures
  Fannar (D:10)
  A two-headed ogre (D:11)
  A black mamba (Lair:1)
  2 cane toads (Lair:1)
  A gargoyle (D:10)
  Maggie (D:8)
  3 trolls
  A hornet (D:8)
  A shadow (D:10)
  A wraith (D:11)
  A basilisk (D:11)
  12 yaks
  A water moccasin (Lair:1)
  An ice beast (D:6)
  2 sky beasts
  A necrophage (D:4)
  4 ogres
  5 centaurs
  3 kobold brigands
  3 bullfrogs
  2 scorpions
  9 killer bees
  2 howler monkeys (D:11)
  4 wights (D:7)
  4 electric eels (D:10)
  3 centaur zombies
  2 orc priests (D:9)
  5 gnoll shamans
  3 hounds
  2 centaur skeletons (D:7)
  6 iguanas
  5 orc wizards
  A howler monkey zombie (D:7)
  28 gnolls
  5 adders
  2 ufetubi
  A worm (D:4)
  3 dart slugs
  10 orcs
  7 ball pythons
  3 bats
  11 endoplasms
  6 giant cockroaches
  7 hobgoblins
  12 jackals
  3 quokkas
  2 goblins
  19 kobolds
  14 rats
227 creatures vanquished.

Vanquished Creatures (others)
  2 plants (Lair:1)
2 creatures vanquished.

Grand Total: 229 creatures vanquished

Notes
Turn   | Place    | Note
-------+----------+-------------------------------------------
     0 | D:1      | shoop the Demigod Transmuter began the quest for the Orb.
     0 | D:1      | Reached XP level 1. HP: 15/15 MP: 5/5
   344 | D:1      | Reached skill level 1 in Fighting
   369 | D:1      | Reached XP level 2. HP: 1/23 MP: 7/7
   686 | D:1      | Reached skill level 3 in Unarmed Combat
  1524 | D:1      | Reached XP level 3. HP: 17/28 MP: 6/8
  1998 | D:2      | Found Ajuz's Jewellery Boutique.
  2065 | D:2      | Reached skill level 1 in Stealth
  2467 | D:2      | Learned a level 3 spell: Spider Form
  2482 | D:3      | Reached skill level 1 in Throwing
  2487 | D:3      | Reached XP level 4. HP: 31/35 MP: 9/9
  3081 | D:3      | Reached skill level 4 in Unarmed Combat
  3513 | D:4      | Noticed an ogre
  3639 | D:3      | Reached XP level 5. HP: 35/40 MP: 7/10
  4000 | D:4      | Identified the +8 dagger of Checkmate {freeze, +Fly rElec
                  | MP+9}
  4218 | D:4      | Reached skill level 1 in Poison Magic
  4218 | D:4      | Reached skill level 1 in Evocations
  4338 | D:4      | Noticed an ogre
  4356 | D:4      | Killed an ogre
  4357 | D:4      | Reached XP level 6. HP: 37/48 MP: 11/11
  4433 | D:4      | Reached skill level 5 in Unarmed Combat
  4433 | D:4      | Found a runed translucent door.
  4433 | D:4      | Noticed a human
  5012 | D:4      | Reached XP level 7. HP: 30/56 MP: 13/13
  5463 | D:4      | Reached skill level 6 in Unarmed Combat
  5983 | D:5      | Entered Level 5 of the Dungeon
  5983 | D:5      | Noticed Pikel
  5983 | D:5      | Noticed Grinder
  6878 | D:6      | Reached XP level 8. HP: 47/66 MP: 10/14
  7087 | D:6      | Reached skill level 7 in Unarmed Combat
  8636 | D:7      | Reached skill level 8 in Unarmed Combat
  9763 | D:8      | Reached XP level 9. HP: 42/73 MP: 13/15
  9767 | D:8      | Reached skill level 5 in Fighting
  9776 | D:8      | Learned a level 5 spell: Hydra Form
 10063 | D:8      | Noticed Maggie
 10083 | D:8      | Killed Maggie
 11098 | D:9      | Reached skill level 9 in Unarmed Combat
 11302 | D:9      | Reached skill level 5 in Dodging
 11568 | D:10     | Entered Level 10 of the Dungeon
 11570 | D:10     | Noticed a gargoyle
 11579 | D:10     | Killed a gargoyle
 11584 | D:10     | Gained mutation: Your body sometimes deteriorates upon
                  | taking damage. [mutagenic glow]
 11720 | D:10     | Found a staircase to the Lair.
 11932 | Lair:1   | Entered Level 1 of the Lair of Beasts
 11932 | Lair:1   | Noticed a black mamba
 11938 | Lair:1   | Killed a black mamba
 12245 | Lair:1   | Noticed a cane toad
 12259 | Lair:1   | Killed a cane toad
 12260 | Lair:1   | Reached skill level 10 in Unarmed Combat
 12260 | Lair:1   | Reached XP level 10. HP: 50/81 MP: 16/18
 12263 | Lair:1   | Reached skill level 5 in Transmutations
 12276 | Lair:1   | Noticed a five-headed hydra
 12867 | D:10     | Reached skill level 5 in Spellcasting
 13723 | D:10     | Noticed Fannar
 13994 | D:10     | Identified the -6 pair of boots of the Echidna {rF+ Str+4}
 13999 | D:10     | Reached skill level 1 in Ice Magic
 14516 | D:11     | Noticed a two-headed ogre
 14700 | D:10     | Killed Fannar
 14883 | D:10     | Learned a level 4 spell: Ice Form
 15030 | D:11     | Noticed a two-headed ogre
 15282 | D:11     | Killed a two-headed ogre
 15283 | D:11     | Reached XP level 11. HP: 86/86 MP: 19/24
 15425 | D:11     | Identified the +12 arbalest of Grandeur {speed, rElec
                  | Dex+2}
 16087 | Lair:1   | Reached skill level 1 in Crossbows
 16095 | Lair:1   | Mangled by a cane toad

Illustrated notes

Levels and vault maps discovered:
D:1:      scummos_arrival_checkerplants, layout_basic
D:2:      layout_rooms, serial_shops, shop
D:3:      layout_rooms, basic_ecumenical_altar
D:4:      layout_basic, dk_yredelemnul_ordeal
D:5:      wander_guarded_unrand_ratskin, layout_cave_pools,
          minmay_temple_entry_poolview, uniq_pikel, uniq_grinder
D:6:      layout_basic
D:7:      layout_loops_corners, lemuel_round_altar, hangedman_decor_push
D:8:      layout_cave_pools, uniq_maggie
D:9:      layout_irregular_city
D:10:     layout_basic, lair_entry_dummy, uniq_fannar
D:11:     layout_irregular_city
Lair:1:   layout_regular_city, beast_lair_carwin_11

Skill      XL: |  1  2  3  4  5  6  7  8  9 10 11 |
---------------+----------------------------------+-----
Fighting       | 1 2 3 4 5 |  5.1
Transmutations | 2 3 4 6 |  6.8
Unarmed Combat | 3 4 5 6 8 10 | 10.0
Dodging        | 2 3 4 5 |  5.1
Spellcasting   | 2 3 6 |  6.0
Stealth        | 1 2 |  2.0
Throwing       | 1 |  1.0
Poison Magic   | 1 |  1.0
Evocations     | 1 3 |  3.0
Ice Magic      | 4 |  4.0
Crossbows      | 1 |  1.5

Action                   |  1- 3 |  4- 6 |  7- 9 | 10-12 || total
-------------------------+-------+-------+-------+-------++-------
Melee: Unarmed           |   152 |   126 |   271 |   143 ||   692
       Kick              |    20 |     7 |     2 |       ||    29
       Headbutt          |    17 |     7 |     1 |       ||    25
       Punch             |     1 |     1 |       |       ||     2
       Dagger            |       |    12 |    30 |     1 ||    43
 Cast: Beastly Appendage |    22 |    15 |     3 |       ||    40
       Spider Form       |       |    15 |    42 |    13 ||    70
       Ice Form          |       |       |       |     7 ||     7
 Abil: End Transformatio |       |       |       |     1 ||     1
Evoke: Wand              |       |       |       |     4 ||     4
  Use: Scroll            |       |       |     7 |     4 ||    11
       Potion            |       |       |     1 |       ||     1
 Stab: Sleeping          |     2 |     3 |     1 |     1 ||     7
       Distracted        |       |       |       |     1 ||     1
Armor: Robe              |    21 |     5 |     2 |     1 ||    29
       Skin              |       |     4 |    15 |    17 ||    36
Dodge: Dodged            |    97 |    98 |   266 |    97 ||   558

Table legend: (Time is in decaauts)
 A = Elapsed time spent in this place.
 B = Non-inter-level travel time spent in this place.
 C = Inter-level travel time spent in this place.
 D = Time resting spent in this place.
 E = Time spent auto-exploring this place.
 F = Levels seen in this place.
 G = Mean time per level.
                   A        B        C        D        E       F      G
               +--------+--------+--------+--------+--------+-----+--------+
         Total |  16030 |  15037 |    993 |   2958 |   9922 |  12 | 1335.8 |
       Dungeon |  15526 |  14533 |    993 |   2534 |   9911 |  11 | 1411.5 |
          Lair |    503 |    503 |      0 |    424 |     11 |   1 |  503.0 |
               +--------+--------+--------+--------+--------+-----+--------+

Top non-repeatable levels by time:
    D:10: 2436 daAuts
     D:4: 2182 daAuts
     D:7: 1878 daAuts
     D:6: 1798 daAuts
     D:1: 1641 daAuts
     D:3: 1300 daAuts
     D:9: 1252 daAuts
     D:2: 1085 daAuts
     D:8: 861 daAuts
    D:11: 845 daAuts
  Lair:1: 503 daAuts
     D:5: 244 daAuts
